 Dungeon Crawl Stone Soup version 0.29.1-13-g9f3cf754e1 (webtiles) character file.

Game seed: 16946911115303284121

151 Kold the Insei (level 5, -1/42 HPs)
             Began as a Demonspawn Monk on Oct 19, 2022.
             Slain by a goblin
             ... wielding a +0 dagger
             ... led by Robin
              (3 damage)
             ... on level 3 of the Dungeon on Jan 31, 2023.
             The game lasted 00:04:41 (2899 turns).

Kold the Insei (Demonspawn Monk)                    Turns: 2899, Time: 00:04:42

Health: -1/42      AC:  2    Str: 12    XL:     5   Next: 11%
Magic:  5/5        EV: 13    Int: 11    God:
Gold:   9          SH:  0    Dex: 17    Spells: 4/4 levels left

rFire   . . .      SeeInvis .     - Unarmed
rCold   . . .      Faith    .   (no shield)
rNeg    . . .      Spirit   .   a - +0 robe
rPois   .          Reflect  .   (no helmet)
rElec   .          Harm     .   (no cloak)
rCorr   .          Rampage  .   (no gloves)
Will    .....                   (no boots)
Stlth   ++........              (no amulet)
HPRegen 0.14/turn               (no ring)
MPRegen 0.09/turn               (no ring)

@: hasted, very quick
A: claws 1, powered by pain 2
a: no special abilities


You were on level 3 of the Dungeon.
You visited 1 branch of the dungeon, and saw 3 of its levels.

You collected 163 gold pieces.
You spent 154 gold pieces at shops.

Inventory:

Armour
 a - a +0 robe (worn)
Scrolls
 d - 2 scrolls of identify
 e - a scroll of teleportation
 f - a scroll of fog
Potions
 b - a potion of ambrosia
 c - a potion of degeneration {unknown}
 h - a potion of flight {unknown}


   Skills:
 + Level 4.0 Fighting
 - Level 3.0 Dodging
 - Level 2.0 Stealth
 * Level 4.4 Unarmed Combat


You had 4 spell levels left.
You didn't know any spells.
Your spell library contained the following spells:

 Spells                   Type           Power      Damage    Failure   Level
 Apportation              Tloc           0%         N/A       34%         1
 Necrotise                Necr           0%         1d4       34%         1
 Summon Small Mammal      Summ           0%         N/A       34%         1
 Ozocubu's Armour         Ice            0%         N/A       71%         3
 Stone Arrow              Conj/Erth      0%         3d7       71%         3
 Animate Armour           Summ/Erth      0%         N/A       98%         4
 Ozocubu's Refrigeration  Ice            0%         4d7       100%        7
 Lehudib's Crystal Spear  Conj/Erth      0%         10d2      100%        8


Dungeon Overview and Level Annotations

Branches:
Dungeon (3/15)

Altars:
Ru

Shops:
D:2 !   D:3 (!!?[


Innate Abilities, Weirdness & Mutations

You have sharp fingernails.
You sometimes gain power by taking damage.


Message History

Robin completely misses you. The goblin hits you with a +0 club.
You scratch Robin but do no damage.
Robin is severely wounded.
Robin barely misses you.
You scratch Robin but do no damage. You claw Robin, but do no damage.
Robin is severely wounded.
The goblin hits you with a +0 club. Robin hits you but does no damage.
You scratch Robin.
You kill Robin!
The goblin no longer looks unusually strong.
The goblin hits you with a +0 club.
* * * LOW HITPOINT WARNING * * *
You closely miss the goblin. The goblin hits you with a +0 club.
* * * LOW HITPOINT WARNING * * *
The goblin closely misses you.
You claw the goblin!
You kill the goblin!
The goblin hits you with a +0 dagger.
* * * LOW HITPOINT WARNING * * *
Items here: )))) ††.
The goblin no longer looks unusually strong.
Things that are here:
a +0 club; a +0 leather armour; an orc corpse The goblin attacks as you move away!
The goblin hits you with a +0 dagger.
* * * LOW HITPOINT WARNING * * *
The goblin no longer looks unusually strong.
The goblin attacks as you move away! The goblin hits you with a +0 dagger.
* * * LOW HITPOINT WARNING * * *
You feel yourself speed up.
You scratch the goblin but do no damage.
The goblin barely misses you.
You completely miss the goblin. The goblin closely misses you.
You barely miss the goblin. The goblin misses you.
You scratch the goblin.
The goblin is moderately wounded.
The goblin barely misses you.
You closely miss the goblin.
The goblin is moderately wounded.
The goblin hits you with a +0 dagger.
You die...

..#
#######...........#
..#
................#.#
..#
#######......##.#.#
).#
#..)g)..........#.#
..#
#.####...≈~≈...##.'
..# #)#
#..≈≈~≈≈...... ..#
#g# #g.~~♣~~..# .#
..# #g##
#g.≈≈~≈≈..# ..#
#g@# ♣...≈~≈...♣
..# #### ♣♣.g.....♣
♣♣.g...♣♣ ♣♣...♣♣
♣♣.....♣♣
♣♣.......♣♣
♣.g.≈~≈...♣
♣♣.g≈≈~≈≈..♣♣
♣.g.~~_~~...♣


You could see 3 goblins.

Vanquished Creatures
  Natasha (D:3)
  An orc wizard (D:3)
  Terence (D:2)
  Robin (D:3)
  A gnoll (D:1)
  An adder (D:2)
  5 orcs (D:3)
  4 bats
  3 endoplasms
  2 giant cockroaches (D:1)
  9 goblins
  5 hobgoblins
  4 ball pythons
  4 kobolds
  2 rats
44 creatures vanquished.

Notes
Turn   | Place    | Note
-------+----------+-------------------------------------------
     0 | D:1      | Kold the Demonspawn Monk began the quest for the Orb.
     0 | D:1      | Reached XP level 1. HP: 18/18 MP: 1/1
   410 | D:1      | Gained mutation: You have sharp fingernails. [demonic
                  | ancestry]
   410 | D:1      | Reached XP level 2. HP: 24/24 MP: 2/2
   767 | D:1      | Found a faded altar of an unknown god.
  1028 | D:2      | Noticed Terence
  1038 | D:2      | HP: 1/24 [Terence/+0 flail (8)]
  1051 | D:2      | Killed Terence
  1052 | D:2      | Gained mutation: You sometimes gain a little power by
                  | taking damage. [demonic ancestry]
  1052 | D:2      | Reached XP level 3. HP: 19/29 MP: 3/3
  1660 | D:2      | Found Vivvagiz's Distillery.
  1960 | D:3      | Found Ewycvar's Antique Armour Boutique.
  2031 | D:3      | Gained mutation: You sometimes gain power by taking damage.
                  | [demonic ancestry]
  2031 | D:3      | Reached XP level 4. HP: 26/36 MP: 4/4
  2032 | D:3      | Found a sacrificial altar of Ru.
  2411 | D:3      | Found Puegh's Distillery.
  2420 | D:3      | Upgraded the game from 0.29.1-1-gd02db6906a to
                  | 0.29.1-13-g9f3cf754e1
  2489 | D:3      | Noticed Natasha
  2499 | D:3      | Killed Natasha
  2603 | D:3      | Found Jumen's Weapon Emporium.
  2610 | D:3      | Found Mimuuc's Distillery.
  2636 | D:3      | Bought a potion of haste for 130 gold pieces
  2657 | D:3      | Found Genliuhopn's Magic Scroll Boutique.
  2663 | D:3      | Bought a scroll of identify for 24 gold pieces
  2708 | D:3      | Noticed Robin
  2871 | D:3      | Reached XP level 5. HP: 42/42 MP: 5/5
  2883 | D:3      | Killed Robin
  2893 | D:3      | HP: 1/42 [goblin/+0 dagger[Robin] (3)]
  2899 | D:3      | Slain by a goblin

Illustrated notes

Levels and vault maps discovered:
D:1:      dpeg_arrival_rhombus, layout_basic,
          chequers_ecumenical_altar_simple_redux, minivault_27
D:2:      layout_loops_ring, serial_shops, nicolae_shop_advertising_works
          [nicolae_subvault_shop_adworks], kennysheep_cluttered_room,
          nicolae_elevator_lobby_plus, uniq_terence
D:3:      layout_basic, elyvilon_altar_3, nicolae_ru_great_annihilating_truth,
          serial_shops, nicolae_diamond_shop, nicolae_shop_trees, shop_coins,
          nicolae_shop_bloodbath_and_beyond,
          nicolae_shop_competitors_out_of_business, uniq_robin, uniq_natasha

Skill      XL: |  1  2  3  4 |
---------------+-------------+-----
Stealth        | 2 |  2.0
Unarmed Combat | 3 4 |  4.4
Dodging        | 3 |  3.0
Fighting       | 4 |  4.0

Action                   |  1- 3 |  4- 6 || total
-------------------------+-------+-------++-------
Melee: Unarmed           |   104 |    77 ||   181
       Punch             |     4 |     4 ||     8
  Use: Potion            |     6 |     1 ||     7
       Scroll            |       |     2 ||     2
 Stab: Sleeping          |     6 |     1 ||     7
Armor: Robe              |    17 |    11 ||    28
Dodge: Dodged            |    64 |    54 ||   118
